Map: Cactus Valley LE (Void)

Players

Railgan - Winner!

  • Race: Zerg Zerg
  • League: Grandmaster
  • Spawn Location: 7:00

Resolve

  • Race: Zerg Zerg
  • League: Grandmaster
  • Spawn Location: 1:00

VOD

Have the link to the VOD?

Description

Time

  • Played on: March 11, 2017, 6:49 p.m.
  • Length: 5:48
Show
View Real Time Build Order
Export as new Build Order

Railgan Zerg - Winner!

Build Orders: Pool First 

Get SALT Encoding   

  12  0:01  Drone  
  13  0:12  Overlord  
  13  0:17  Drone  
  14  0:31  Drone x2  
  16  0:36  Drone  
  17  0:49  Drone, Spawning Pool  
  17  0:57  Drone  
  18  1:12  Hatchery  
  18  1:13  Extractor  
  18  1:17  Drone  
  17  1:19  Drone  
  18  1:29  Drone  
  19  1:37  Queen  
  21  1:42  Spine Crawler, Zergling x2  
  21  1:49  Drone  
  22  1:59  Overlord  
  22  2:17  Queen  
  22  2:20  Drone, Metabolic Boost  
  25  2:25  Drone x2  
  25  2:28  Queen  
  29  2:34  Drone  
  30  2:43  Baneling Nest  
  29  2:44  Drone x2  
  31  2:57  Overlord  
  31  2:58  Drone x2  
  33  3:01  Drone  
  33  3:03  Drone  
  35  3:10  Drone  
  36  3:17  Zergling x2  
  36  3:18  Zergling x6  
  36  3:19  Zergling x2  
  40  3:20  Zergling x2  
  34  3:39  Zergling x2  
  34  3:43  Baneling x3  
  34  3:51  Queen  
  36  3:58  Baneling x3  
  36  4:00  Drone  
  36  4:02  Drone  
  38  4:05  Drone x2  
  38  4:15  Zergling x2  
  39  4:21  Drone x2  
  40  4:36  Drone  
  38  4:39  Drone x2  
  38  4:41  Zergling x4  
  38  4:44  Roach Warren  
  41  4:47  Baneling  
  41  4:52  Drone  
  42  4:53  Zergling x2  
  42  4:55  Overlord  
  42  4:57  Overlord  
  43  5:01  Overlord  
  43  5:09  Overlord  
  43  5:10  Extractor  
  43  5:11  Extractor  
  41  5:15  Baneling  
  41  5:16  Zergling x2  
  41  5:21  Drone  
  41  5:23  Roach x6  
  41  5:26  Roach  
  56  5:29  Baneling  
Show
View Real Time Build Order
Export as new Build Order

Resolve Zerg 

Build Orders: Hatch First 

Get SALT Encoding   

  12  0:00  Drone  
  13  0:31  Hatchery  
  13  0:34  Drone  
  13  0:39  Extractor  
  12  0:55  Spawning Pool  
  11  0:59  Drone  
  12  1:04  Drone  
  12  1:11  Drone  
  14  1:22  Overlord  
  14  1:41  Metabolic Boost  
  14  1:44  Zergling x4  
  14  1:47  Zergling x2  
  17  1:52  Zergling x2  
  18  1:55  Zergling x2  
  18  1:59  Zergling x2  
  20  2:07  Zergling x4  
  22  2:16  Overlord  
  22  2:18  Zergling x2  
  23  2:27  Zergling x2  
  24  2:32  Zergling x2  
  25  2:39  Zergling x4  
  27  2:50  Zergling x4  
  29  3:00  Drone  
  29  3:03  Baneling Nest  
  29  3:04  Zergling x2  
  28  3:19  Zergling x4  
  26  3:31  Zergling x6  
  24  3:36  Zergling x2  
  24  3:40  Queen  
  23  3:47  Zergling x2  
  23  3:48  Zergling x2  
  25  3:50  Baneling  
  25  3:54  Baneling  
  25  3:55  Baneling  
  24  3:57  Drone x2  
  26  4:04  Zergling x2  
  27  4:13  Drone x2  
  29  4:19  Drone  
  28  4:37  Zergling x8  
  29  4:39  Baneling x2  
  29  4:42  Queen  
  29  5:01  Zergling x8  
  29  5:04  Baneling x3  
  33  5:09  Baneling x2  
  33  5:14  Zergling x4  
  33  5:16  Overlord  
Tags
 
Add a new tag
Caveats
  • Supply blocks, unpowered buildings, or Contaminate may cause inaccurate times.
  • Supply counts are checked every 10 seconds.